 Dungeon Sprint DCSS version 0.29.1-13-g9f3cf754e1 (webtiles) character file.

Game seed: 4551401511928679614

687 theswoord the Carver (level 7, -3/59 HPs)
             Began as a Demonspawn Gladiator on Jan 26, 2023.
             Was a High Priest of Uskayaw.
             Slain by a troll (4 damage)
             ... in the Dungeon (Sprint IX: "|||||||||||||||||||||||||||||").
             The game lasted 00:02:25 (463 turns).

theswoord the Carver (Demonspawn Gladiator)          Turns: 463, Time: 00:02:25

Health: -3/59      AC: 12    Str: 16    XL:     7   Next: 35%
Magic:  7/13       EV:  5    Int:  9    God:    Uskayaw [*****.]
Gold:   0          SH:  0    Dex: 15    Spells: 6/6 levels left

rFire   . . .      SeeInvis .   o - +7 mace of Variability {chain chaos}
rCold   . . .      Faith    .   (shield currently unavailable)
rNeg    . . .      Spirit   .   q - +0 plate armour
rPois   .          Reflect  .   c - +0 helmet
rElec   .          Harm     .   (no cloak)
rCorr   .          Rampage  .   p - +0 pair of gloves
Will    .....      NoTele   +   (no boots)
Stlth   ..........              (no amulet)
HPRegen 0.19/turn               (no ring)
MPRegen 0.26/turn               (no ring)

@: hasted, very quick
A: claws 1, magic regeneration, weakness stinger 2
a: Renounce Religion, Stomp, Line Pass, Grand Finale


You were in the Dungeon.
You worshipped Uskayaw.
Uskayaw was aware of your devotion.
You visited 1 branch

Inventory:

Hand Weapons
 a - a +0 long sword
 o - the +7 mace of Variability (weapon) {chain chaos}
   (You found it in the Dungeon)

   Each time it hits an enemy it has a different, random effect.
   It occasionally unleashes arcs of chaos on nearby creatures upon striking a
   foe.
 s - a +2 scimitar of flaming
Missiles
 d - 2 throwing nets (quivered)
 e - a javelin
Armour
 b - a +0 leather armour
 c - a +0 helmet (worn)
 p - a +0 pair of gloves (worn)
 q - a +0 plate armour (worn)
Jewellery
 r - a +3 ring of strength
Wands
 n - a wand of iceblast (10)
Scrolls
 k - 2 scrolls of blinking
 m - 2 scrolls of amnesia
Potions
 f - 5 potions of curing
 g - 2 potions of heal wounds
 i - 4 potions of magic
 j - a potion of berserk rage
 l - a potion of invisibility


   Skills:
 + Level 6.6 Fighting
 - Level 11.1 Long Blades
 + Level 5.7 Maces & Flails
 - Level 1.7 Throwing
 - Level 2.6 Dodging
 + Level 8.3 Invocations


You had 6 spell levels left.
You didn't know any spells.
Your spell library was empty.

Dungeon Overview and Level Annotations

Branches:
Dungeon (1/1)

Altars:
Cheibriados
Dithmenos
Fedhas
Gozag
Hepliaklqana
Kikubaaqudgha
Makhleb
Nemelex Xobeh
Okawaru
Qazlal
Ru
Sif Muna
Trog
Uskayaw
Vehumet
Wu Jian
Xom
Yredelemnul
Jiyva
Lugonu


Innate Abilities, Weirdness & Mutations

You have sharp fingernails.
You regenerate magic rapidly.
You have a tail ending in a sharp stinger.


Message History

You completely miss the troll.
The troll is almost dead.
The troll completely misses you. The troll claws you!
* * * LOW HITPOINT WARNING * * *
The troll claws you.
* * * LOW HITPOINT WARNING * * *
You feel much better. The troll bites you but does no damage.
The troll claws you. The troll barely misses you.
You hit the troll. You burn the troll.
You kill the troll!
The troll leather armour is intact enough to wear.
The gnoll bouda is no longer sharing its pain.
The wyvern is no longer sharing its pain.
You can now merge with and destroy a victim.
Your Fighting skill increases to level 6!
Your Maces & Flails skill increases to level 5!
Your Invocations skill gained 2 levels and is now at level 8!
You have reached level 7!
Your demonic ancestry asserts itself...
Your fingernails lengthen.
You sock the troll!
The troll is severely wounded.
The troll bites you!
* * * LOW HITPOINT WARNING * * *
The troll claws you but does no damage. The troll claws you.
* * * LOW HITPOINT WARNING * * *
You closely miss the troll.
The troll is severely wounded.
The troll is no longer sharing its pain.
The troll barely misses you.
The troll claws you but does no damage. x2
Unknown command.
You sock the troll!
The troll seems to speed up.
The troll is almost dead.
The troll barely misses you. The troll claws you!
* * * LOW HITPOINT WARNING * * *
The troll claws you but does no damage. The troll barely misses you.
The troll claws you!
* * * LOW HITPOINT WARNING * * *
The troll claws you.
You die...

▓.▓
▓.▓
▓)▓
▓.▓
▓[▓
▓.▓
▓.▓
▓.▓
▓@▓
▓T▓
▓g▓
▓l▓
▓.▓
▓.▓
▓.▓
▓.▓


You could see a troll (fast), a wyvern and a gnoll bouda.

Vanquished Creatures
  2 trolls (D)
  A black bear (D)
  An ogre (D)
  A killer bee (D)
  An iguana (D)
  An adder (D)
  A shadow imp (D)
  A ball python (D)
  A bat (D)
  A frilled lizard (D)
  2 rats (D)
13 creatures vanquished.

Notes
Turn   | Place    | Note
-------+----------+-------------------------------------------
     0 | D        | theswoord the Demonspawn Gladiator began the quest for the
                  | Orb.
     0 | D        | Reached XP level 1. HP: 16/16 MP: 1/1
     8 | D        | Reached skill level 3 in Long Blades
    14 | D        | Reached skill level 4 in Long Blades
    63 | D        | Noticed an iguana
    63 | D        | Noticed an ogre
    63 | D        | Noticed a black bear
    67 | D        | Reached skill level 5 in Long Blades
    67 | D        | Discovered your monstrous ancestry.
    67 | D        | Gained mutation: You have a small tail. [demonic ancestry]
    67 | D        | Reached XP level 2. HP: 18/22 MP: 2/2
    72 | D        | Reached skill level 6 in Long Blades
    72 | D        | Gained mutation: You regenerate magic rapidly. [demonic
                  | ancestry]
    72 | D        | Reached XP level 3. HP: 13/27 MP: 3/3
    76 | D        | Killed an ogre
    77 | D        | Reached skill level 9 in Long Blades
    77 | D        | Reached XP level 4. HP: 16/33 MP: 4/4
    86 | D        | Killed a black bear
    87 | D        | Reached skill level 11 in Long Blades
    87 | D        | Gained mutation: You have a tail ending in a sharp stinger.
                  | [demonic ancestry]
    87 | D        | Reached XP level 5. HP: 4/38 MP: 5/5
   372 | D        | Found a snail-covered altar of Cheibriados.
   372 | D        | Found a shadowy altar of Dithmenos.
   372 | D        | Found a blossoming altar of Fedhas.
   372 | D        | Found an opulent altar of Gozag.
   373 | D        | Found a hazy altar of Hepliaklqana.
   374 | D        | Found a viscous altar of Jiyva.
   375 | D        | Found an ancient bone altar of Kikubaaqudgha.
   376 | D        | Found a corrupted altar of Lugonu.
   377 | D        | Found a burning altar of Makhleb.
   378 | D        | Found a sparkling altar of Nemelex Xobeh.
   379 | D        | Found an iron altar of Okawaru.
   380 | D        | Found a stormy altar of Qazlal.
   381 | D        | Found a sacrificial altar of Ru.
   382 | D        | Found a shimmering blue altar of Sif Muna.
   383 | D        | Found a bloodstained altar of Trog.
   384 | D        | Found a hide-covered altar of Uskayaw.
   385 | D        | Found a radiant altar of Vehumet.
   386 | D        | Found an ornate altar of the Wu Jian Council.
   387 | D        | Found a shimmering altar of Xom.
   388 | D        | Found a basalt altar of Yredelemnul.
   392 | D        | Became a worshipper of Uskayaw the Reveller
   399 | D        | Found the +7 mace of Variability {chain chaos}
   447 | D        | Noticed a troll
   447 | D        | Noticed a troll
   447 | D        | Noticed a troll
   447 | D        | Noticed a wyvern
   450 | D        | Reached * piety under Uskayaw
   451 | D        | Reached ** piety under Uskayaw
   453 | D        | Killed a troll
   454 | D        | Reached skill level 5 in Fighting
   454 | D        | Reached XP level 6. HP: 26/51 MP: 5/10
   454 | D        | Reached *** piety under Uskayaw
   455 | D        | Reached **** piety under Uskayaw
   460 | D        | Killed a troll
   460 | D        | Reached ***** piety under Uskayaw
   461 | D        | Reached skill level 5 in Maces & Flails
   461 | D        | Gained mutation: You have sharp fingernails. [demonic
                  | ancestry]
   461 | D        | Reached XP level 7. HP: 30/59 MP: 6/13
   463 | D        | HP: 1/59 [troll (10)]
   463 | D        | Slain by a troll

Skill      XL: |  1  2  3  4  5  6 |
---------------+-------------------+-----
Long Blades    | 5 6 9 11 | 11.1
Fighting       | 5 6 |  6.6
Maces & Flails | 4 5 |  5.7
Invocations    | 6 8 |  8.3
Throwing       | |  1.7
Dodging        | |  2.6

Action                   |  1- 3 |  4- 6 |  7- 9 || total
-------------------------+-------+-------+-------++-------
Melee: Long sword        |    20 |     9 |       ||    29
       Great mace        |       |    11 |     3 ||    14
       Tailslap          |       |     3 |       ||     3
Throw: Throwing net      |     2 |       |       ||     2
  Use: Potion            |       |     2 |       ||     2
 Stab: Held in net/web   |     1 |       |       ||     1
       Paralysed         |       |     1 |       ||     1
Armor: Leather armour    |     6 |     3 |       ||     9
       Plate armour      |       |     7 |     4 ||    11
Dodge: Dodged            |     8 |    18 |     3 ||    29

Levels and vault maps discovered:
D:        linesprint [early_d, line_temple, items_1, d_10, items_2, lair_1,
          lair_end, items_3, orc_1, orc_end, items_4, d_15, swamp_1, shoals_1,
          snake_1, spider_1, d_20, vaults_1, items_5, swamp_end, shoals_end,
          snake_end, spider_end, vaults_end, d_27, items_6, zot_1, zot_end,
          crypt_end, forest_end, elf_end, slime_end, tomb_end, abyss_end,
          pan_hell_end]
